 Dungeon Crawl Stone Soup version 0.29.1-12-g30fa7ad0bf (webtiles) character file.

Game seed: 3810408713112203853

7593 cowcol the Cleaver (level 10, -15/86 HPs)
             Began as a Minotaur Monk on Dec 30, 2022.
             Was an Elder of Okawaru.
             Demolished by a hell knight
             ... wielding a +1 glaive
              (21 damage)
             ... on level 10 of the Dungeon.
             The game lasted 00:53:49 (16254 turns).

cowcol the Cleaver (Minotaur Monk)                 Turns: 16254, Time: 00:53:50

Health: -15/86     AC: 21    Str: 26    XL:     10   Next: 97%
Magic:  8/10       EV: 12    Int:  7    God:    Okawaru [****..]
Gold:   637        SH:  0    Dex: 13    Spells: 9/9 levels left

rFire   . . .      SeeInvis +   G - +0 battleaxe
rCold   . . .      Faith    .   (shield currently unavailable)
rNeg    . . .      Spirit   .   R - +0 plate armour
rPois   .          Reflect  .   (helmet restricted)
rElec   .          Harm     .   (no cloak)
rCorr   .          Rampage  .   p - +0 pair of gloves
Will    .....                   S - +2 pair of boots
Stlth   ..........              (no amulet)
HPRegen 0.24/turn               j - ring of see invisible
MPRegen 0.12/turn               T - +6 ring of strength

@: heroic
A: horns 2, retaliatory headbutt
a: Renounce Religion, Heroism, Finesse


You were on level 10 of the Dungeon.
You worshipped Okawaru.
Okawaru was greatly pleased with you.
You visited 2 branches of the dungeon, and saw 11 of its levels.

You collected 637 gold pieces.

Inventory:

Hand Weapons
 a - a +0 hand axe
 e - a +0 long sword
 l - a +0 war axe
 m - a +5 battleaxe of distortion
 r - a +0 halberd
 v - a +5 demon trident of distortion
 D - a +2 flail of protection
 G - a +0 battleaxe (weapon)
 L - a +1 long sword of holy wrath
 W - a +0 great sword
 X - a +4 trident
Missiles
 g - 66 stones
 k - 3 poisoned darts
 I - 10 boomerangs (quivered)
Armour
 b - a +0 robe
 h - a +0 troll leather armour
 o - an orb of energy
 p - a +0 pair of gloves (worn)
 q - a +0 scale mail
 z - an orb of mayhem
 C - a +0 chain mail
 O - a scarf of shadows
 R - a +0 plate armour (worn)
 S - a +2 pair of boots (worn)
Jewellery
 j - a ring of see invisible (left hand)
 H - an amulet of magic regeneration
 T - a +6 ring of strength (right hand)
Wands
 A - a wand of flame (39)
 F - a wand of polymorph (7)
 N - a wand of light (1)
 Q - a wand of paralysis (8)
 Z - a wand of mindburst (2)
Scrolls
 s - a scroll of butterflies
 y - a scroll of teleportation
 B - a scroll of silence
 E - a scroll of magic mapping
 M - 2 scrolls of poison
 V - 2 scrolls of immolation
Potions
 c - 2 potions of ambrosia
 d - a potion of resistance {unknown}
 f - a potion of experience {unknown}
 i - 5 potions of curing
 t - 4 potions of might
 w - 2 potions of cancellation {unknown}
 x - a potion of lignification {unknown}
 J - 5 potions of flight
 K - 2 potions of mutation {unknown}
 P - a potion of invisibility {unknown}
 U - a potion of magic {unknown}
 Y - a potion of heal wounds


   Skills:
 + Level 7.4(12.4) Fighting
 - Level 1.4(8.7) Short Blades
 * Level 6.0(11.1) Long Blades
 * Level 10.7(17.1) Axes
 + Level 9.0(16.3) Polearms
 - Level 2.0(7.0) Throwing
 + Level 9.3(14.3) Armour
 * Level 5.7(10.7) Dodging
 - Level 2.5(7.5) Stealth
 * Level 2.2 Invocations
 + Level 1.0 Evocations


You had 9 spell levels left.
You didn't know any spells.
Your spell library contained the following spells:

 Spells                   Type           Power      Damage    Failure   Level
 Fireball                 Conj/Fire      0%         3d3       100%        5
 Freezing Cloud           Conj/Ice/Air   0%         6-21      100%        5
 Iskenderun's Battlesphe  Conj           0%         2d6       100%        5
 Conjure Ball Lightning   Conj/Air       0%         3x3d6     100%        6
 Orb of Destruction       Conj           0%         9d5       100%        7
 Borgnjor's Revivificati  Necr           0%         N/A       100%        8
 Summon Guardian Golem    Hex/Summ       Unusable   N/A       N/A         3
 Spellforged Servitor     Conj/Summ      Unusable   N/A       N/A         7

Dungeon Overview and Level Annotations

Branches:
Dungeon (10/15)            Temple (1/1) D:4            Lair (0/5) D:9
    Orc (0/2) D:10

Altars:
Ashenzari
Cheibriados
Dithmenos
Elyvilon
Fedhas
Gozag
Hepliaklqana
Kikubaaqudgha
Makhleb
Nemelex Xobeh
Okawaru
Qazlal
Ru
Sif Muna
Trog
Uskayaw
Vehumet
Wu Jian
Xom
Zin
The Shining One

Shops:
D:7 [


Innate Abilities, Weirdness & Mutations

You have a pair of horns on your head.
You reflexively headbutt those who attack you in melee.


Message History

Throw: 10 boomerangs
Press: ? - help, Q - select action, (/) - cycle Shift-Dir - straight line, f/p - hell knight
Aim: a hell knight, wielding a +5 scimitar of flaming and wearing a +0 chain mail (lightly wounded, 69% to hit)
You throw a boomerang.
The boomerang closely misses the hell knight.
The boomerang closely misses the hell hound.
The boomerang barely misses the hell knight.
The hell knight utters an invocation to its god.
The hell knight blinks!
Throw: 10 boomerangs
Press: ? - help, Q - select action, (/) - cycle Shift-Dir - straight line, f/p - hell knight
Aim: a hell knight, wielding a +5 scimitar of flaming and wearing a +0 chain mail (lightly wounded, 69% to hit)
You throw a boomerang.
The boomerang barely misses the hell knight.
The boomerang closely misses the hell hound.
The boomerang hits the hell knight but does no damage.
The hell knight utters an invocation to its god.
The hell knight blinks!
Throw: 10 boomerangs
Press: ? - help, Q - select action, (/) - cycle Shift-Dir - straight line, f/p - hell knight
Aim: a hell knight, wielding a +5 scimitar of flaming and wearing a +0 chain mail (black smoke, lightly wounded, 69% to hit)
You throw a boomerang.
The boomerang hits the hell knight but does no damage.
The hell knight is lightly wounded.
The hell knight calls down the wrath of its god upon you.
The bolt of fire hits you!!
Okay, then.
You gain the combat prowess of a mighty hero.
You can no longer enter into single combat with a foe.
Okawaru will no longer gift you equipment.
The hell knight invokes the aid of its god against you.
The bolt of fire hits you!!
* * * LOW HITPOINT WARNING * * *
The hell knight barely misses you.
The hell knight hits you but does no damage.
You see here a +0 chain mail.
You slice the hell knight!! Your headbutt misses the hell knight.
The hell knight is moderately wounded.
The hell knight hits you with a +1 glaive!!
You die...

##....#.#,,,,,,,#.#..#
#..#..≈.#,*****,#.#..#
#.###.≈.#,*,,,*,#.#..#
##.###.≈.#<*,,,~,#.#..#
.......≈.#,*,<,*,#.#..#
.......≈†#.####*.#.#..#
.......#†#phphh..#.#..#
.......#.###§§≈###)#..#
.......#....§..p@..#..#
.......#############..#
......................#
#####.................#
###################


You could see 3 hell knights and 2 hell hounds.

Vanquished Creatures
  A two-headed ogre (D:8)
  2 hell knights (D:10)
  A necromancer (D:10)
  2 trolls
  2 wraiths
  A vampire (D:10)
  Eustachio (D:6)
  4 hell hounds (D:10)
  An acid dragon (D:9)
  3 ice beasts
  A black bear (D:6)
  7 orc warriors
  A sky beast (D:7)
  3 wolves (D:9)
  2 ogres
  3 centaurs
  5 bullfrogs
  5 scorpions
  A gnoll sergeant (D:9)
  8 wights
  3 howler monkeys
  An electric eel (D:9)
  2 jellies
  8 hounds
  3 orc priests
  An iguana (D:4)
  10 orc wizards
  13 gnolls
  10 adders
  A shadow imp (D:6)
  2 white imps
  An ufetubus (D:7)
  36 orcs
  8 bats
  7 endoplasms
  3 giant cockroaches
  10 goblins
  3 hobgoblins
  6 quokkas
  3 ball pythons
  4 kobolds
  4 rats
193 creatures vanquished.

Vanquished Creatures (others)
  7 toadstools (D:1)
7 creatures vanquished.

Grand Total: 200 creatures vanquished

Notes
Turn   | Place    | Note
-------+----------+-------------------------------------------
     0 | D:1      | cowcol the Minotaur Monk began the quest for the Orb.
     0 | D:1      | Reached XP level 1. HP: 19/19 MP: 0/0
   452 | D:1      | Reached XP level 2. HP: 27/27 MP: 1/1
   548 | D:1      | Found a faded altar of an unknown god.
   737 | D:1      | Reached skill level 4 in Axes
   738 | D:1      | Reached skill level 1 in Armour
  1018 | D:2      | Reached XP level 3. HP: 26/33 MP: 2/2
  1550 | D:1      | Reached XP level 4. HP: 34/40 MP: 3/3
  1614 | D:2      | Reached skill level 1 in Short Blades
  2085 | D:3      | Reached skill level 1 in Long Blades
  2203 | D:3      | Identified the +5 quarterstaff "Wumni" {vorpal, Contam
                  | rElec MP+9 Int+7}
  2472 | D:3      | Reached XP level 5. HP: 43/46 MP: 4/4
  2921 | D:4      | Reached skill level 1 in Polearms
  3170 | D:4      | Reached skill level 1 in Throwing
  3666 | D:4      | Reached XP level 6. HP: 40/53 MP: 5/5
  3939 | D:4      | Found a staircase to the Ecumenical Temple.
  3948 | Temple   | Entered the Ecumenical Temple
  3948 | Temple   | Found a transporter.
  3948 | Temple   | Found a transporter.
  3950 | Temple   | Found a transporter.
  3950 | Temple   | Found a transporter.
  4294 | D:5      | Entered Level 5 of the Dungeon
  4537 | D:5      | Found a shimmering altar of Xom.
  4538 | D:5      | Found a hazy altar of Hepliaklqana.
  4543 | D:5      | Noticed a water moccasin
  4543 | D:5      | Noticed a spectral ugly thing
  4543 | D:5      | Noticed a yak
  4595 | D:5      | Reached skill level 5 in Axes
  4640 | D:5      | Reached XP level 7. HP: 60/60 MP: 6/6
  4907 | D:5      | Reached skill level 5 in Fighting
  4907 | D:5      | Reached skill level 5 in Armour
  5461 | D:6      | Noticed a wraith
  5478 | D:5      | Killed a wraith
  5479 | D:5      | Reached skill level 5 in Polearms
  5865 | D:6      | Reached XP level 8. HP: 66/68 MP: 7/7
  5991 | D:6      | Reached skill level 6 in Axes
  6609 | D:6      | Noticed Eustachio
  7459 | D:6      | Killed Eustachio
  8148 | D:7      | Found an iron altar of Okawaru.
  8173 | D:7      | Became a worshipper of Warmaster Okawaru
  8173 | D:7      | Reached * piety under Okawaru
  8173 | D:7      | Reached ** piety under Okawaru
  8212 | D:7      | Reached skill level 7 in Axes
  8261 | D:7      | Reached XP level 9. HP: 56/75 MP: 8/8
  9405 | D:7      | Found Qodulax's Antique Armour Shoppe.
  9503 | D:7      | Found a snail-covered altar of Cheibriados.
  9851 | D:8      | Noticed a two-headed ogre
  9868 | D:8      | Killed a two-headed ogre
  9868 | D:8      | Reached *** piety under Okawaru
  9869 | D:8      | Reached skill level 8 in Axes
 10712 | D:8      | Found a stormy altar of Qazlal.
 11512 | D:9      | Found a white marble altar of Elyvilon.
 11763 | D:9      | Reached XP level 10. HP: 81/83 MP: 9/9
 12454 | D:9      | Reached skill level 5 in Dodging
 12500 | D:9      | Reached **** piety under Okawaru
 12500 | D:9      | Received a gift from Okawaru
 12509 | D:9      | Found a staircase to the Lair.
 12604 | D:9      | Noticed a centaur warrior
 12611 | D:9      | Noticed a two-headed ogre
 12662 | D:9      | Reached skill level 5 in Long Blades
 12825 | D:9      | Reached skill level 9 in Axes
 13437 | D:10     | Entered Level 10 of the Dungeon
 13437 | D:10     | Found a broken altar of Ashenzari.
 13851 | D:10     | Got the Anthology of Shocking Black Rituals
 13914 | D:10     | Reached skill level 1 in Invocations
 13950 | D:10     | Found a glowing golden altar of the Shining One.
 13952 | D:10     | Found an ancient bone altar of Kikubaaqudgha.
 13990 | D:10     | Found a staircase to the Orcish Mines.
 14412 | D:10     | Found a shadowy altar of Dithmenos.
 14609 | D:10     | Noticed a hell knight
 14623 | D:10     | Killed a hell knight
 14624 | D:10     | Reached skill level 10 in Axes
 15031 | D:10     | Noticed a hell knight
 15040 | D:10     | Noticed a necromancer
 15043 | D:10     | Killed a hell knight
 15044 | D:10     | Reached skill level 1 in Evocations
 15049 | D:10     | Noticed a necromancer
 15155 | D:10     | Noticed a hell knight
 15155 | D:10     | Noticed a hell knight
 15475 | D:10     | Noticed a necromancer
 15787 | D:10     | Noticed a hell knight
 15801 | D:10     | Killed a necromancer
 15801 | D:10     | Reached ***** piety under Okawaru
 16254 | D:10     | Demolished by a hell knight

Illustrated notes

Levels and vault maps discovered:
D:1:      nagdon_arrival_zigzag_paths, layout_loops_ring,
          shapermc_ecumenical_altar_petra, hangedman_abyss_or_decor_lesser_grid
D:2:      layout_rooms
D:3:      layout_loops_ring, grunt_ministairs_11
D:4:      layout_basic, minmay_temple_entry_large_hall, serial_corexii_hall,
          corexii_hall_statues_u, corexii_hall_statues_x
D:5:      minmay_inner_zag, layout_rooms, regret_index_temple_of_mockery
D:6:      layout_cave_pools, uniq_eustachio
D:7:      layout_basic, lemuel_coloured_pillars_altar,
          mainiacjoe_overflow_paths, serial_shops, shop
D:8:      layout_basic, mainiacjoe_overflow_catwalk
D:9:      layout_rooms, mainiacjoe_overflow_concentric_impassable,
          erik_lair_island, chequers_serial_rivers_marsh,
          onia_ninara_dug_in_and_dangerous
D:10:     layout_roguey, ashenzari_altar_1, nicolae_overflow_hidden_temple,
          chequers_serial_rivers_large_a, minmay_rotating_lava
Temple:   hellmonk_temple_divided_pantheon

Skill      XL: |  1  2  3  4  5  6  7  8  9 10 |
---------------+-------------------------------+-----
Fighting       | 4 5 6 7 |  7.4
Axes           | 4 5 7 8 10 | 10.7
Armour         | 1 2 3 4 5 6 8 9 |  9.3
Short Blades   | 1 |  1.4
Long Blades    | 1 4 6 |  6.0
Polearms       | 2 3 5 7 9 |  9.0
Throwing       | 1 2 |  2.0
Dodging        | 4 5 |  5.7
Stealth        | 2 |  2.5
Invocations    | 2 |  2.2
Evocations     | 1 |  1.0

Action                   |  1- 3 |  4- 6 |  7- 9 | 10-12 || total
-------------------------+-------+-------+-------+-------++-------
Melee: Hand axe          |    42 |    21 |       |       ||    63
       Punch             |     1 |       |     1 |     2 ||     4
       Staff             |     4 |       |       |       ||     4
       Headbutt          |     4 |    17 |    65 |    31 ||   117
       Halberd           |       |   114 |   246 |       ||   360
       Long sword        |       |       |    29 |       ||    29
       War axe           |       |       |     8 |   108 ||   116
       Trident           |       |       |     3 |     3 ||     6
       Battleaxe         |       |       |       |    25 ||    25
Throw: Dart              |    11 |    14 |    28 |       ||    53
       Stone             |     7 |       |     7 |       ||    14
       Boomerang         |       |       |       |    63 ||    63
Invok: Heroism           |       |       |       |     7 ||     7
       Finesse           |       |       |       |     1 ||     1
Evoke: Wand              |       |     1 |     4 |    12 ||    17
  Use: Scroll            |       |     8 |     5 |     3 ||    16
       Potion            |       |     1 |     4 |     3 ||     8
 Stab: Sleeping          |       |     1 |       |       ||     1
       Paralysed         |       |       |     1 |     7 ||     8
Armor: Ring mail         |    12 |    38 |       |       ||    50
       Robe              |     1 |       |       |       ||     1
       Chain mail        |       |    29 |   158 |       ||   187
       Plate armour      |       |       |    25 |   114 ||   139
Dodge: Dodged            |    34 |    72 |   146 |    80 ||   332
